 Dungeon Crawl Stone Soup version 0.24-a0-250-g6074511 (webtiles) character file.

Game seed: 5786130062755202727

42 Borgoz the Cutter (level 3, 0/22 HPs)
             Began as a Kobold Gladiator on Apr 14, 2019.
             Killed by divine providence
             ... invoked by an orc priest
              (13 damage)
             ... on level 2 of the Dungeon.
             The game lasted 00:01:24 (1595 turns).

Borgoz the Cutter (Kobold Gladiator)                Turns: 1595, Time: 00:01:25

Health: 0/22       AC:  4    Str: 12    XL:     3   Next: 77%
Magic:  3/3        EV: 16    Int:  9    God:
Gold:   73         SH:  0    Dex: 16    Spells: 2/2 levels left

rFire    . . .     SeeInvis .   a - +0 rapier
rCold    . . .     Gourm    .   (shield restricted)
rNeg     . . .     Faith    .   b - +0 leather armour
rPois    .         Spirit   .   c - +0 helmet
rElec    .         Reflect  .   (no cloak)
rCorr    .         Harm     .   (no gloves)
MR       .....                  (no boots)
Stlth    +.........             (no amulet)
HPRegen  0.07/turn              (no ring)
MPRegen  0.08/turn              (no ring)

@: no status effects
A: small, carnivore
a: no special abilities


You were on level 2 of the Dungeon.
You were very full.

You visited 1 branch of the dungeon, and saw 2 of its levels.

You collected 73 gold pieces.

Inventory:

Hand Weapons
 a - a +0 rapier (weapon)
Missiles
 d - 5 throwing nets (quivered)
Armour
 b - a +0 leather armour (worn)
 c - a +0 helmet (worn)
Scrolls
 e - a scroll of amnesia {unknown}
 h - 2 scrolls of random uselessness {unknown}
 i - a scroll of teleportation {unknown}
 l - a scroll of identify {unknown}
 m - a scroll of remove curse {unknown}
Potions
 g - 2 potions of heal wounds {unknown}
 j - a potion of brilliance {unknown}
 k - a potion of ambrosia {unknown}
 o - a potion of might {unknown}
Comestibles
 f - 2 rations


   Skills:
 + Level 2.7 Fighting
 + Level 4.5 Short Blades
 - Level 2.1 Throwing
 + Level 1.1 Armour
 + Level 4.1 Dodging


You had 2 spell levels left.
You didn't know any spells.
Your spell library was empty.

Dungeon Overview and Level Annotations

Branches:
Dungeon (2/15)

Altars:


Innate Abilities, Weirdness & Mutations

You are small and have problems with some larger weapons.
You are carnivorous and can eat meat at any time.


Message History

The orc barely misses you.
You hit the orc.
The orc is severely wounded.
The orc closely misses you.
An orc priest comes into view. It is wielding a +0 dagger.
You barely miss the orc.
The orc is severely wounded.
The orc hits you with a +0 short sword.
You hit the orc.
You kill the orc!
The orc priest closely misses you.
You hit the orc priest.
The orc priest is lightly wounded.
The orc priest closely misses you. The orc hits you with a +0 dagger.
You hit the orc priest.
The orc priest is moderately wounded.
The orc priest mumbles some strange prayers to Beogh against you.
Beogh smites you!
Ouch! That really hurt!
You die...

######## ..
#......# .#
#.####.# o#
#...##.#
######.#.###.##.#
......#.#<#.##.#
#####......#.#.##.#
#......oo..#.#.##.#
#......@...#.#.##.#
#..(.......#.#.##.#
#..........#.#.##.#
#........^.#...##.#
#........))#.####.#
#..........######.#
#.....####((......#
####### ##########


You could see 2 orc priests and an orc.

Vanquished Creatures
  2 dart slugs (D:1)
  2 leopard geckos (D:1)
  An orc (D:2)
  3 bats
  2 giant cockroaches (D:1)
  3 hobgoblins
  7 jackals (D:1)
  3 frilled lizards (D:1)
  4 goblins (D:1)
  4 kobolds
31 creatures vanquished.

Notes
Turn   | Place    | Note
-------+----------+-------------------------------------------
     0 | D:1      | Borgoz the Kobold Gladiator began the quest for the Orb.
     0 | D:1      | Reached XP level 1. HP: 12/12 MP: 1/1
   392 | D:1      | Reached XP level 2. HP: 12/18 MP: 2/2
   756 | D:1      | Reached XP level 3. HP: 22/22 MP: 3/3
   864 | D:1      | Reached skill level 1 in Armour
  1595 | D:2      | Killed from afar by an orc priest

Levels and vault maps discovered:
D:1:      co_arrival_random_square_maze, layout_loops_ring,
          wander_ebering_terrifying_dragon_lair
D:2:      cheibrodos_pilgrimage, layout_basic, chequers_ecumenical_altar_simple,
          tgw_trog

Skill      XL: |  1  2  3 |
---------------+----------+-----
Dodging        | 4 |  4.1
Armour         | 1 |  1.1
Fighting       | |  2.7
Short Blades   | |  4.5
Throwing       | |  2.1

Action                   || total
-------------------------++-------
Melee: Rapier            ||    91
 Stab: Sleeping          ||     1
  Eat: Chunk             ||    10
Armor: Leather armour    ||    17
Dodge: Dodged            ||    79

Table legend:
 A = Non-vault XP
 B = Vault XP
 C = Vault XP percentage of total XP
 D = Non-vault monster count
 E = Vault monster count
 F = Vault count percentage of total count
                 A         B        C        D         E       F
            +---------+---------+-------+---------+---------+-------
      Total |      54 |       6 |  10.0 |      29 |       2 |   6.5
            +---------+---------+-------+---------+---------+-------
        D:1 |      48 |       3 |   5.9 |      25 |       1 |   3.8
        D:2 |       6 |       3 |  33.3 |       4 |       1 |  20.0
            +---------+---------+-------+---------+---------+-------
